 Dungeon Crawl Stone Soup version 0.23.2 (webtiles) character file.

Game seed: 14668979336635575396

3383 Illumine the Cleaver (level 9, -3/75 HPs)
             Began as a Minotaur Fighter on Oct 2, 2019.
             Was a Follower of Makhleb.
             Slain by a vampire (8 damage)
             ... on level 9 of the Dungeon.
             The game lasted 00:05:21 (5533 turns).

Illumine the Cleaver (Minotaur Fighter)             Turns: 5533, Time: 00:05:22

Health: -3/75      AC: 13    Str: 29    XL:     9   Next: 74%
Magic:  10/10      EV:  9    Int:  5    God:    Makhleb [*.....]
Gold:   318        SH: 12    Dex: 10    Spells: 8/8 levels left

rFire    . . .     SeeInvis .   m - +0 war axe (flame)
rCold    . . .     Gourm    .   c - +0 shield
rNeg     . . .     Faith    .   v - +0 chain mail
rPois    .         Spirit   .   (helmet restricted)
rElec    .         Reflect  .   s - +0 cloak
rCorr    .         Harm     .   E - +0 pair of gloves
MR       .....                  k - +0 pair of boots
Stlth    ..........             (no amulet)
HPRegen  0.22/turn              (no ring)
MPRegen  0.12/turn              (no ring)

@: mighty
A: retaliatory headbutt, horns 2
a: Renounce Religion


You were on level 9 of the Dungeon.
You worshipped Makhleb.
Makhleb was aware of your devotion.
You were hungry.

You visited 2 branches of the dungeon, and saw 10 of its levels.

You collected 318 gold pieces.

Inventory:

Hand Weapons
 a - a +0 war axe
 m - a +0 war axe of flaming (weapon)
Armour
 b - a +0 scale mail
 c - a +0 shield (worn)
 k - a +0 pair of boots (worn)
 s - a +0 cloak (worn)
 v - a +0 chain mail (worn)
 E - a +0 pair of gloves (worn)
Wands
 t - a wand of random effects (13)
 u - a wand of paralysis (20)
 F - a wand of acid (7)
Scrolls
 d - 2 scrolls of random uselessness {unknown}
 g - 5 scrolls of remove curse {unknown}
 i - 3 scrolls of fog {unknown}
 j - 3 scrolls of enchant armour {unknown}
 l - 6 scrolls of identify {unknown}
 q - a scroll of enchant weapon {unknown}
 x - 2 scrolls of teleportation {unknown}
 y - 2 scrolls of amnesia {unknown}
 A - a scroll of blinking {unknown}
 C - a scroll of fear {unknown}
 H - a scroll of immolation {unknown}
Potions
 e - a potion of mutation {unknown}
 h - a potion of haste {unknown}
 n - a potion of flight {unknown}
 o - 3 potions of heal wounds {unknown}
 p - 5 potions of curing
 r - 2 potions of agility {unknown}
 w - a potion of cancellation {unknown}
 z - 2 potions of resistance {unknown}
 B - a potion of brilliance {unknown}
 D - a potion of lignification {unknown}
 I - a potion of might
Comestibles
 f - 8 rations


   Skills:
 + Level 5.9 Fighting
 + Level 11.0 Axes
 + Level 5.9 Armour
 + Level 3.8 Dodging
 - Level 0.1 Stealth
 + Level 9.2 Shields
 * Level 3.6 Invocations


You had 8 spell levels left.
You didn't know any spells.
Your spell library contained the following spells:

 Spells                   Type           Power        Failure   Level  Hunger
 Confusing Touch          Hex            #.....       99%         1    ##.....
 Confuse                  Hex            #.......     100%        3    ####...
 Gell's Gravitas          Tloc           #.........   100%        3    ####...
 Petrify                  Tmut/Erth      #.......     100%        4    #####..
 Metabolic Englaciation   Hex/Ice        #.........   100%        5    ######.
 Yara's Violent Unravell  Hex/Tmut       #.........   100%        5    ######.


Dungeon Overview and Level Annotations

Branches:
Dungeon (9/15)             Temple (1/1) D:7
   Lair: D:8-11         Orc: D:9-12

Altars:
Ashenzari
Cheibriados
Dithmenos
Elyvilon
Fedhas
Gozag
Hepliaklqana
Kikubaaqudgha
Makhleb
Nemelex Xobeh
Okawaru
Qazlal
Ru
Sif Muna
Trog
Uskayaw
Vehumet
Wu Jian
Yredelemnul
Zin
The Shining One

Shops:
D:5 =

Annotations:
D:3 1 runed translucent door, Crazy Yiuf
D:5 1 runed translucent door


Innate Abilities, Weirdness & Mutations

You reflexively headbutt those who attack you in melee.
You have a pair of horns on your head.


Message History

You slash something! You burn something. Something hits you.
You block something's attack.
You feel very mighty all of a sudden.
Unholy energy fills the air.
You miss something. You block something's attack. Something bites you!
Something draws strength from your injuries!
You hit something but do no damage. Something hits you but does no damage.
Something bites you!
* * * LOW HITPOINT WARNING * * *
Something draws strength from your injuries!
You hit something. You burn something. You headbutt something.
Something hits you.
* * * LOW HITPOINT WARNING * * *
Something bites you but does no damage.
You closely miss something. You headbutt something! Something hits you.
* * * LOW HITPOINT WARNING * * *
You block something's attack.
You closely miss something. You headbutt something.
You block something's attack. Something bites you!
You die...

### ##.. ...
## #.####.#..
#.###@{......
#.#.####.#..
#..#####...
#..........
#.....}....
###
##.#######.
#.. ######.#
#.. #......#
##' #.######
##+## #○


There were no monsters in sight!

Vanquished Creatures
  Psyche (D:9)
  Grinder (D:5)
  A human (D:9)
  3 orc warriors
  A hornet zombie (D:7)
  An ice beast (D:7)
  2 sky beasts
  7 ogres
  2 centaurs
  A bullfrog (D:8)
  3 scorpions
  5 jellies
  2 bullfrog zombies
  2 hounds (D:4)
  3 orc priests
  A bullfrog skeleton (D:4)
  Jessica (D:3)
  3 iguanas
  6 orc wizards
  9 worker ants
  A hound zombie (D:8)
  A hound skeleton (D:4)
  8 adders
  3 gnolls (D:9)
  5 shadow imps
  3 adder zombies
  An adder skeleton (D:8)
  2 worms
  A dart slug (D:1)
  A leopard gecko (D:2)
  29 orcs
  4 giant cockroaches
  4 goblins
  A hobgoblin (D:3)
  11 jackals
  3 quokkas
  2 ball pythons
  2 bats (D:2)
  5 frilled lizards
  A giant cockroach zombie (D:6)
  3 kobolds
  A leopard gecko skeleton (D:4)
  4 rats
151 creatures vanquished.

Notes
Turn   | Place    | Note
-------+----------+-------------------------------------------
     0 | D:1      | Illumine the Minotaur Fighter began the quest for the Orb.
     0 | D:1      | Reached XP level 1. HP: 19/19 MP: 0/0
   247 | D:1      | Reached XP level 2. HP: 14/27 MP: 1/1
   530 | D:2      | Reached skill level 3 in Axes
   557 | D:3      | Reached XP level 3. HP: 30/33 MP: 2/2
   601 | D:3      | Found a runed translucent door.
   602 | D:3      | Noticed Crazy Yiuf
   670 | D:3      | Noticed Jessica
   671 | D:3      | Killed Jessica
   686 | D:4      | Reached skill level 4 in Axes
   686 | D:4      | Reached XP level 4. HP: 40/40 MP: 3/3
   943 | D:4      | Reached skill level 5 in Shields
   943 | D:4      | Reached XP level 5. HP: 44/46 MP: 4/4
   950 | D:4      | Reached skill level 5 in Axes
  1009 | D:4      | Reached skill level 6 in Axes
  1009 | D:4      | Reached XP level 6. HP: 43/52 MP: 5/5
  1104 | D:4      | HP: 2/52 [adder (1)]
  1643 | D:5      | Entered Level 5 of the Dungeon
  1651 | D:5      | Found Voapuwn's Jewellery Emporium.
  1660 | D:5      | Noticed Grinder
  1669 | D:5      | Killed Grinder
  1669 | D:5      | Reached skill level 7 in Axes
  1669 | D:5      | Reached XP level 7. HP: 58/58 MP: 6/6
  1683 | D:5      | Reached skill level 8 in Axes
  1709 | D:5      | Found a runed translucent door.
  2031 | D:5      | Reached skill level 9 in Axes
  2318 | D:5      | Reached XP level 8. HP: 66/66 MP: 7/7
  2804 | D:6      | Reached skill level 10 in Axes
  3138 | D:6      | Reached skill level 1 in Dodging
  3578 | D:7      | Reached XP level 9. HP: 44/73 MP: 8/8
  3635 | D:7      | Found a staircase to the Ecumenical Temple.
  3645 | Temple   | Entered the Ecumenical Temple
  3974 | D:7      | Reached skill level 5 in Armour
  4049 | D:7      | Found a bloodstained altar of Trog.
  4056 | D:7      | Found an opulent altar of Gozag.
  4057 | D:7      | Found a radiant altar of Vehumet.
  4058 | D:7      | Found a white marble altar of Elyvilon.
  4058 | D:7      | Found a stormy altar of Qazlal.
  4058 | D:7      | Found a burning altar of Makhleb.
  4062 | D:7      | Found a sacrificial altar of Ru.
  4101 | D:7      | Became a worshipper of Makhleb the Destroyer
  4201 | D:8      | Reached skill level 5 in Fighting
  4291 | D:8      | Reached skill level 1 in Invocations
  4567 | D:8      | Reached * piety under Makhleb
  5125 | D:9      | Noticed Psyche
  5137 | D:9      | Killed Psyche
  5346 | D:9      | Reached skill level 11 in Axes
  5533 | D:9      | Slain by a vampire

Skill      XL: |  1  2  3  4  5  6  7  8  9 |
---------------+----------------------------+-----
Shields        | 4 5 6 7 8 9 |  9.2
Axes           | 3 4 6 7 9 10 11 | 11.0
Armour         | 4 5 |  5.9
Fighting       | 4 5 |  5.9
Dodging        | 2 3 |  3.8
Invocations    | 3 |  3.6
Stealth        | |  0.1

Action                   |  1- 3 |  4- 6 |  7- 9 || total
-------------------------+-------+-------+-------++-------
Melee: War axe           |    85 |    83 |   284 ||   452
       Headbutt          |    10 |    17 |    63 ||    90
  Use: Potion            |       |     2 |     2 ||     4
  Eat: Ration            |       |     1 |       ||     1
       Chunk             |       |       |    11 ||    11
Armor: Scale mail        |    33 |    49 |     9 ||    91
       Chain mail        |       |       |    94 ||    94
Dodge: Dodged            |    23 |    22 |    54 ||    99
Block: Shield            |    41 |    36 |   111 ||   188
